 Dungeon Crawl Stone Soup version 0.19-a0-583-g665d810 (webtiles) character file.

39 TheGoonsmith the Cudgeler (level 3, 0/21 HPs)
             Began as a Gargoyle Gladiator on June 9, 2016.
             Was a Follower of Ru.
             Slain by an ogre
             ... wielding a +0 giant club
              (21 damage)
             ... on level 4 of the Dungeon.
             The game lasted 00:03:02 (2846 turns).

TheGoonsmith the Cudgeler (Gargoyle Gladiator)      Turns: 2846, Time: 00:03:03

Health: 0/21       AC:  7    Str: 19    XL:     3   Next: 45%
Magic:  3/3        EV: 12    Int:  9    God:    Ru [*.....]
Gold:   215        SH:  0    Dex: 10    Spells: 0 memorised, 2 levels left

rFire  . . .     SeeInvis .     a - +0 flail
rCold  . . .     Gourm    .     b - +0 leather armour
rNeg   + . .     Faith    .     (no shield)
rPois  ∞         Spirit   .     c - +0 helmet
rElec  +         Dismiss  .     (no cloak)
rCorr  .         Reflect  .     (no gloves)
SustAt .         Harm     .     (no boots)
MR     .....                    (no amulet)
Stlth  +.........               (no ring)
                                (no ring)

@: not resistant to hostile enchantments, very unstealthy
A: negative energy resistance 1, electricity resistance, unbreathing,
petrification resistance, rot immunity, inexperienced 1, AC +3
a: Renounce Religion


You were on level 4 of the Dungeon.
You worshipped Ru.
Ru was aware of your devotion.
You were near starving.

You visited 1 branch of the dungeon, and saw 4 of its levels.

You collected 215 gold pieces.

Inventory:

Hand Weapons
 a - a +0 flail (weapon)
Missiles
 d - 3 throwing nets (quivered)
Armour
 b - a +0 leather armour (worn)
 c - a +0 helmet (worn)
Scrolls
 g - a scroll of fear {unknown}
 h - a scroll of enchant weapon {unknown}
 l - 2 scrolls of blinking {unknown}
 o - 3 scrolls of fog {unknown}
 q - 3 scrolls of identify {unknown}
Potions
 e - a potion of lignification {unknown}
 j - 2 potions of agility {unknown}
 k - a potion of heal wounds {unknown}
 m - 2 potions of curing {unknown}
 p - a potion of resistance {unknown}
Comestibles
 f - 3 bread rations
 i - a meat ration
 n - 2 slices of pizza


   Skills:
 - Level 2.1 Fighting
 + Level 5.8 Maces & Flails
 - Level 1.7 Throwing
 - Level 2.4 Dodging


You had 2 spell levels left.
You didn't know any spells.

Dungeon Overview and Level Annotations

Branches:
Dungeon (4/15)
 Temple: D:4-7

Altars:
Ru
Xom
Yredelemnul


Innate Abilities, Weirdness & Mutations

You are resistant to torment.
Your stone body is resilient. (AC +3)
You are immune to poison.
You resist negative energy. (rN+)
You are resistant to electric shocks. (rElec)
You can survive without breathing.
You are immune to petrification.
You are immune to rotting.
You are somewhat inexperienced. (-2 XL)


Message History

Found 20 stones.
There is a stone staircase leading up here.
A giant gecko comes into view.
A giant gecko is nearby!
The giant gecko bites you but does no damage.
You barely miss the giant gecko. The giant gecko closely misses you.
You hit the giant gecko.
You kill the giant gecko!
No target in view!
No target in view!
Found a scale mail.
An ogre comes into view. It is wielding a giant club.
The ogre shouts!
An ogre is nearby!
The ogre is stunned by your will and fails to attack.
You hit the ogre.
The ogre is lightly wounded.
The ogre hits you with a giant club!!
Ouch! That really hurt!
You die...

. .# #. . #
.# #=######.#
###......O.#
..[.....@#
####..##.#
##.. #.#
##... #.# #
##...###.#
#.##.....##.#
#...........#
##..(..####
##...##


You could see an ogre.

Vanquished Creatures
  4 adders
  2 oozes (D:3)
  3 worms
  A dart slug (D:1)
  A giant gecko (D:4)
  2 orcs (D:3)
  A ball python (D:1)
  5 giant cockroaches
  8 goblins
  11 hobgoblins
  5 jackals
  A quokka (D:2)
  17 bats
  2 giant newts
  6 kobolds
  10 rats
79 creatures vanquished.

Notes
Turn   | Place    | Note
--------------------------------------------------------------
     0 | D:1      | TheGoonsmith the Gargoyle Gladiator began the quest for the Orb.
     0 | D:1      | Reached XP level 1. HP: 12/12 MP: 1/1
    68 | D:1      | Reached XP level 2. HP: 15/17 MP: 2/2
   336 | D:1      | Reached skill level 4 in Maces & Flails
   383 | D:1      | Reached XP level 3. HP: 21/21 MP: 3/3
   592 | D:2      | Found a shimmering altar of Xom.
  1204 | D:2      | Found a sacrificial altar of Ru.
  1214 | D:2      | Reached XP level 4. HP: 22/26 MP: 4/4
  1221 | D:2      | Became a worshipper of Ru the Awakened
  1400 | D:2      | Reached skill level 5 in Maces & Flails
  1839 | D:3      | Reached XP level 5. HP: 20/30 MP: 5/5
  2291 | D:3      | Found a faded altar of an unknown god.
  2394 | D:3      | Found a basalt altar of Yredelemnul.
  2401 | D:3      | Gained mutation: You are somewhat inexperienced. (-2 XL) [Ru sacrifice]
  2401 | D:3      | Reached XP level 4. HP: 26/26 MP: 4/4
  2401 | D:3      | Reached XP level 3. HP: 21/21 MP: 3/3
  2401 | D:3      | Reached * piety under Ru
  2844 | D:4      | Noticed an ogre
  2846 | D:4      | Slain by an ogre

Vault maps used:
D:1:      co_arrival_square_in_a_square_in_a_square, serial_bayou_pond_c
D:2:      nicolae_overflow_crystal_walls, minmay_item_behind_shaft,
          nicolae_ru_sacrificial_ziggurat
D:3:      nicolae_overflow_hidden_temple, ecumenical_altar_2, first_bread,
          serial_forest, infiniplex_forest_lined_3,
          infiniplex_forest_clump_tiny, infiniplex_forest_lined_room_2,
          infiniplex_forest_corner_1, infiniplex_forest_end_double,
          infiniplex_forest_end_3, hex_intersection
D:4:      lemuel_upstairs_altar, uniq_edmund, uniq_blork_the_orc

Skill      XL: |  1  2  3  4 |
---------------+-------------+-----
Maces & Flails | 4 5 |  5.8
Fighting       | |  2.1
Throwing       | |  1.7
Dodging        | |  2.4

Action                   |  1- 3 |  4- 6 || total
-------------------------+-------+-------++-------
Melee: Flail             |   171 |   108 ||   279
Invok: Sacrifice Experie |     1 |       ||     1
  Eat: Chunk             |       |     5 ||     5
Armor: Leather armour    |   121 |    67 ||   188
Dodge: Dodged            |   170 |   104 ||   274
